 Dungeon Crawl Stone Soup version 0.29-a0-330-g52719c12eb (webtiles) character file.

Game seed: 11589919077710808126

59669 Anon1729 the Phalangite (level 14, -23/114 HPs)
             Began as a Merfolk Monk on May 20, 2022.
             Was the Champion of Hepliaklqana.
             Annihilated by a yak (32 damage)
             ... on level 4 of the Lair of Beasts.
             The game lasted 00:21:07 (18500 turns).

Anon1729 the Phalangite (Merfolk Monk)             Turns: 18500, Time: 00:21:07

Health: -23/114    AC: 14    Str: 13    XL:     14   Next: 96%
Magic:  22/22      EV:  2    Int: 12    God:    Hepliaklqana [******]
Gold:   912        SH:  0    Dex: 19    Spells: 13/13 levels left

rFire   . . .      SeeInvis +   x - +2 halberd (vorpal)
rCold   + + +      Faith    .   (shield currently unavailable)
rNeg    . . .      Spirit   .   B - +4 skin of Zhor {*Englaciate rC+++ SInv}
rPois   .          Reflect  +   (helmet restricted)
rElec   .          Harm     .   C - +2 cloak
rCorr   .          Rampage  .   w - +0 pair of gloves
Will    ++...                   (no boots)
Stlth   +++++.....              J - amulet of reflection
HPRegen 0.29/turn               q - ring of willpower
MPRegen 0.18/turn               Q - +4 ring of protection

@: sleeping
A: reduced essence, (nimble swimmer 2), mertail, horns 1, clever 1, low MP 1,
robust 1
a: Renounce Religion, Recall Ancestor, Ancestor Identity, Transference, Idealise


You were on level 4 of the Lair of Beasts.
You worshipped Hepliaklqana.
Hepliaklqana was exalted by your worship.
You visited 4 branches of the dungeon, and saw 21 of its levels.
You also visited: Ossuary.

You collected 1051 gold pieces.
You spent 139 gold pieces at shops.

Inventory:

Hand Weapons
 x - a +2 vorpal halberd (weapon)
Armour
 w - a +0 pair of gloves (worn)
 B - the +4 skin of Zhor (worn) {*Englaciate rC+++ SInv}
   (You found it on level 15 of the Dungeon)

   It radiates cold, occasionally slowing all nearby creatures who are not
   resistant to cold.
   rC:        It renders you almost immune to cold.
   SInv:      It lets you see invisible.
 C - a +2 cloak (worn)
 L - the +4 leather armour of the Sacrificial Victim {Regen+ Str+4 Dex-5}
   (You found it on level 5 of the Dungeon)

   Str:       It affects your strength (+4).
   Dex:       It affects your dexterity (-5).
   Regen:     It increases your rate of health regeneration.
 S - an orb of mayhem
Jewellery
 b - a ring of see invisible
 q - a ring of willpower (left hand)
 D - a ring of positive energy
 F - a ring of positive energy
 J - an amulet of reflection (around neck)
 Q - a +4 ring of protection (right hand)
Wands
 d - a wand of polymorph (5)
 G - a wand of flame (11)
 M - a wand of charming (6)
 T - a wand of paralysis (12)
 U - a wand of digging (12)
 Z - a wand of iceblast (13)
Scrolls
 e - 2 scrolls of amnesia
 g - 2 scrolls of immolation
 h - 2 scrolls of noise
 i - a scroll of summoning
 j - 2 scrolls of fear
 o - 4 scrolls of vulnerability
 t - 9 scrolls of teleportation
 y - 2 scrolls of brand weapon
 E - 6 scrolls of magic mapping
 I - 3 scrolls of silence
 K - 6 scrolls of enchant weapon
 N - a scroll of holy word
 P - 5 scrolls of enchant armour
 R - 3 scrolls of fog
 W - 2 scrolls of blinking
 Y - 4 scrolls of identify
Potions
 a - 3 potions of heal wounds
 c - a potion of ambrosia
 k - 2 potions of haste
 l - 2 potions of magic
 m - 7 potions of lignification
 n - 10 potions of curing
 p - 3 potions of degeneration
 r - 3 potions of brilliance
 u - 4 potions of berserk rage
 z - 2 potions of resistance
 A - a potion of flight
 H - 3 potions of mutation
 O - 2 potions of might
 V - 2 potions of attraction
 X - 2 potions of invisibility
Miscellaneous
 f - a phantom mirror


   Skills:
 + Level 11.7 Fighting
 * Level 21.4 Polearms
 + Level 13.9 Dodging
 + Level 12.5 Stealth
 * Level 13.9 Invocations


You had 13 spell levels left.
You didn't know any spells.
Your spell library contained the following spells:

 Spells                   Type           Power      Damage    Failure   Level
 Animate Skeleton         Necr           0%         N/A       32%         1
 Corpse Rot               Necr/Air       0%         N/A       45%         2
 Ensorcelled Hibernation  Hex/Ice        0%         N/A       45%         2
 Sublimation of Blood     Necr           0%         N/A       45%         2
 Wereblood                Tmut           0%         N/A       45%         2
 Conjure Flame            Conj/Fire      0%         6-21      69%         3
 Gell's Gravitas          Tloc           0%         N/A       69%         3
 Ignite Poison            Fire/Tmut/Pois 0%         N/A       69%         3
 Ozocubu's Armour         Ice            0%         N/A       69%         3
 Spider Form              Tmut/Pois      0%         N/A       69%         3
 Teleport Other           Tloc           0%         N/A       69%         3
 Vampiric Draining        Necr           0%         2d6       69%         3
 Anguish                  Hex/Necr       0%         N/A       97%         4
 Hailstorm                Conj/Ice       0%         3d3       97%         4
 Ice Form                 Ice/Tmut       0%         N/A       97%         4
 Petrify                  Tmut/Erth      0%         N/A       97%         4
 Sticky Flame             Conj/Fire      0%         2d3       97%         4
 Metabolic Englaciation   Hex/Ice        0%         N/A       100%        5
 Dispersal                Tloc           0%         N/A       100%        6
 Simulacrum               Ice/Necr       0%         N/A       100%        6
 Statue Form              Tmut/Erth      0%         N/A       100%        6
 Ozocubu's Refrigeration  Ice            0%         4d5       100%        7
 Summon Hydra             Summ           0%         N/A       100%        7


Dungeon Overview and Level Annotations

Branches:
Dungeon (15/15)            Temple (1/1) D:5            Lair (4/6) D:11
 Shoals (0/4) Lair:2          Orc (0/2) D:12         Vaults (0/5) D:13
 Depths (1/4) D:15        Ossuary (visited)
  Snake: Lair:2-4    Spider: Lair:2-4

Altars:
Ashenzari
Cheibriados
Dithmenos
Elyvilon
Fedhas
Gozag
Hepliaklqana
Kikubaaqudgha
Makhleb
Nemelex Xobeh
Okawaru
Qazlal
Ru
Sif Muna
Trog
Uskayaw
Vehumet
Wu Jian
Xom
Yredelemnul
Zin
The Shining One

Shops:
D:4 *   D:8 *

Portals:
Trove: D:14 (show abyssal rune of Zot)

Annotations:
D:6 2 runed translucent doors, Athor's ghost, novice OpBr
D:7 1 runed translucent door, exclusion: 4 orange crystal statues


Innate Abilities, Weirdness & Mutations

Your life essence is reduced to manifest your ancestor. (-10% HP)
((You are very nimble when in or above water. (Stealth+, EV+, Speed+++)))
Your lower body shifts to a powerful aquatic tail in water.
You have a pair of small horns on your head.
Your mind is acute. (Int +2)
Your magical capacity is low. (-10% MP)
You are robust. (+10% HP)


Message History

The black mamba closely misses you.
The dream sheep shake their wool and sparkle.
You feel drowsy...
You fall asleep.
You radiate an aura of cold.
Aylmer is unaffected.
The black mamba seems to slow down.
The yak seems to slow down. x2
The dream sheep resists.
The dream sheep seems to slow down.
You feel very sick.
Aylmer completely misses the black mamba.
The black mamba bites you!!
You wake up.
* * * LOW HITPOINT WARNING * * *
You hear a bleat!
Unknown command.
Unknown command.
Unknown command.
You slice the black mamba!!
You kill the black mamba!
You feel sick.
A yak comes into view.
A dream sheep comes into view.
Found a stone staircase leading down.
You feel sick.
You see here a blink frog corpse.
You feel sick.
The dream sheep is no longer moving slowly.
Found a scroll of teleportation.
You feel sick.
You feel sick.
You feel sick.
A yak comes into view.
There is a stone staircase leading up here.
You feel sick.
The dream sheep shake their wool and sparkle.
You feel drowsy...
You fall asleep.
You feel sick.
The dream sheep bites the plant.
The plant begins to die.
You feel sick.
Aylmer blocks the yak's attack.
You feel sick.
You are no longer poisoned.
The yak is no longer moving slowly.
The dream sheep bites you but does no damage.
Aylmer hits the yak with a +0 flail.
Aylmer blocks the dream sheep's attack.
The yak gores you!!
You die...

...#..## #>
###..#...##..
..Y.Y<.....
#.Y.#..#>##
#...YY#...#
##.†.Y.#.#
#...#PY..## ..
###††PYYY.####
PPP##P...PR@....?#
.P.......Y...#.###
P..##.....##..# #.
###.#.# ..# #.###
..# #....#.####.#.#
...
#.....#......####P#.
##......#.#.....#
###. #P..#
P.###P...##P.###.#


You could see the friendly Aylmer the knight, 5 yaks and 6 dream sheep.

Vanquished Creatures
  Azrael (D:13)
  2 boulder beetles
  An ice dragon (D:15)
  An ogre mage (D:15)
  A satyr (shapeshifter) (D:15)
  3 centaur warriors
  Erica (D:9)
  2 dancing weapons (D:13)
  4 two-headed ogres
  Sonja (Lair:2)
  Nergalle (Lair:1)
  3 skeletal warriors (D:13)
  Pikel (D:8)
  3 deep elf pyromancers
  5 ugly things
  2 statues (D:12)
  A manticore (D:14)
  4 cyclopes
  A frost giant skeleton (Depths:1)
  A shining eye (shapeshifter) (D:15)
  A merfolk siren (Lair:2)
  2 black mambas
  6 cane toads
  Joseph (D:9)
  A gargoyle (D:10)
  Psyche (D:9)
  A torpor snail (D:15)
  2 komodo dragons
  3 kobold demonologists
  An efreet (D:14)
  A yaktaur (D:15)
  9 rime drakes
  A merfolk (Lair:2)
  5 meliai
  A wind drake (shapeshifter) (D:15)
  4 trolls
  5 slime creatures
  3 blink frogs (Lair:4)
  Sigmund (D:6)
  7 wraiths
  A vampire (D:12)
  2 shadows
  A centaur simulacrum (D:14)
  A wyvern (D:10)
  2 fire elementals (D:13)
  4 basilisks
  32 yaks
  A steam dragon (D:10)
  15 vampire mosquitoes
  4 acid dragons
  5 water moccasins
  2 orc warriors (D:11)
  A hell hound (D:13)
  An ice beast (D:6)
  A sky beast (D:5)
  A boggart (shapeshifter) (D:13)
  8 wolves
  2 ogres (D:15)
  4 boggarts (D:15)
  14 centaurs
  A lemure (D:8)
  5 kobold brigands
  A necrophage (D:5)
  5 bullfrogs
  8 scorpions
  A gnoll sergeant (D:10)
  A yak skeleton (D:7)
  A killer bee (D:10)
  2 howler monkeys
  A centaur zombie (Ossuary)
  5 hounds
  A bullfrog zombie (Ossuary)
  2 jellies
  2 centaur skeletons
  2 gnoll shamans (D:8)
  5 orc priests
  A bullfrog skeleton (Ossuary)
  3 orc wizards
  5 scorpion zombies (Ossuary)
  5 iguanas
  An ogre zombie (Ossuary)
  An acid dragon skeleton (D:5)
  A necrophage skeleton (D:5)
  An ogre skeleton (D:3)
  A hound skeleton (D:6)
  3 mummies (Ossuary)
  3 gnoll zombies (Ossuary)
  A howler monkey zombie (Ossuary)
  3 adders
  14 gnolls
  A shadow imp (D:6)
  An ufetubus (D:5)
  An adder zombie (D:6)
  An iguana skeleton (D:6)
  A worm (D:2)
  2 dart slugs
  14 orcs
  10 endoplasms
  2 giant cockroaches
  7 goblins
  5 hobgoblins
  19 kobolds
  4 quokkas
  7 ball pythons
  3 bats
  3 frilled lizards
  A goblin skeleton (D:7)
  2 goblin zombies (Ossuary)
  3 hobgoblin skeletons
  6 hobgoblin zombies
  A jackal skeleton (D:7)
  A kobold skeleton (D:3)
  3 kobold zombies
  An orc skeleton (Ossuary)
  5 orc zombies (Ossuary)
  3 rats
  A rat skeleton (D:3)
391 creatures vanquished.

Vanquished Creatures (collateral kills)
  Josephine (D:15)
  A hydra (D:15)
  A rakshasa (D:15)
  A boulder beetle (D:12)
  A two-headed ogre (D:12)
  A glowing orange brain (D:15)
  2 skeletal warriors (D:13)
  An orc knight (D:15)
  A wizard (D:14)
  An ugly thing (D:13)
  A manticore (D:13)
  A cyclops (shapeshifter) (D:14)
  Maurice (D:12)
  A merfolk siren (Lair:2)
  A cane toad (Lair:2)
  A rime drake (D:15)
  A kobold demonologist (D:11)
  2 komodo dragons
  A merfolk (Lair:2)
  A meliai (D:13)
  A blink frog (Lair:4)
  3 slime creatures
  2 wraiths (D:15)
  7 yaks
  2 fire elementals (D:13)
  2 basilisks
  A wyvern (Lair:4)
  5 vampire mosquitoes
  A water moccasin (Lair:2)
  3 hell hounds (D:13)
  An ogre (D:15)
  A wolf (Lair:2)
  A boggart (D:15)
  A centaur (D:14)
  2 lemures (D:8)
  A bullfrog (D:8)
  An orc priest (D:11)
  An orc wizard (D:11)
  2 orcs (D:15)
  2 bushes (D:12)
62 creatures vanquished.

Vanquished Creatures (others)
  2 knights
  An ancestor (D:7)
  8 fungi
  19 plants
30 creatures vanquished.

Grand Total: 483 creatures vanquished

Notes
Turn   | Place    | Note
-------+----------+-------------------------------------------
     0 | D:1      | Anon1729 the Merfolk Monk began the quest for the Orb.
     0 | D:1      | Reached XP level 1. HP: 18/18 MP: 1/1
   163 | D:1      | Found a faded altar of an unknown god.
   173 | D:1      | Reached XP level 2. HP: 19/24 MP: 2/2
   175 | D:1      | Prayed at the altar of an unknown god.
   175 | D:1      | Became a worshipper of Kikubaaqudgha
   175 | D:1      | Reached * piety under Kikubaaqudgha
   175 | D:1      | Received a gift from Kikubaaqudgha
   175 | D:1      | Reached ** piety under Kikubaaqudgha
   248 | D:1      | Fell from the grace of Kikubaaqudgha
  1178 | D:2      | Reached XP level 3. HP: 17/30 MP: 3/3
  1503 | D:2      | Reached XP level 4. HP: 13/37 MP: 4/4
  2380 | D:3      | You fall into a shaft and drop 3 floors!
  2427 | D:6      | Noticed an ice beast
  2434 | D:6      | Reached skill level 5 in Polearms
  2439 | D:6      | Killed an ice beast
  2440 | D:6      | Reached skill level 5 in Dodging
  2440 | D:6      | Reached XP level 5. HP: 32/42 MP: 5/5
  2571 | D:6      | Noticed Sigmund
  2575 | D:6      | Killed Sigmund
  2576 | D:6      | Reached skill level 6 in Polearms
  2576 | D:6      | Reached XP level 6. HP: 39/49 MP: 6/6
  2653 | D:6      | Found a runed translucent door.
  2658 | D:6      | Found a stormy altar of Qazlal.
  2705 | D:6      | Found a runed translucent door.
  2706 | D:6      | Noticed Athor's ghost (novice OpBr)
  2728 | D:6      | Reached XP level 7. HP: 46/55 MP: 7/7
  3129 | D:6      | Reached skill level 7 in Polearms
  3145 | D:6      | HP: 1/55 [iguana (8)]
  3717 | D:5      | Entered Level 5 of the Dungeon
  3746 | D:5      | Reached skill level 5 in Fighting
  3828 | D:5      | Found a sand-covered staircase.
  3937 | Ossuary  | Entered an ossuary
  4483 | Ossuary  | Reached skill level 5 in Stealth
  4485 | Ossuary  | Reached skill level 8 in Polearms
  4688 | Ossuary  | Reached XP level 8. HP: 63/63 MP: 8/8
  5366 | D:5      | Reached skill level 9 in Polearms
  5391 | D:5      | HP: 2/96 [acid dragon (10)]
  5831 | D:5      | Found a staircase to the Ecumenical Temple.
  5842 | Temple   | Entered the Ecumenical Temple
  6379 | D:5      | Identified the +4 leather armour of the Sacrificial Victim
                  | {Regen+ Str+4 Dex-5}
  6436 | Temple   | Became a worshipper of Hepliaklqana the Forgotten
  6695 | D:4      | Found a sacrificial altar of Ru.
  6856 | D:4      | Reached skill level 1 in Invocations
  7034 | D:4      | Found Afaorreu's General Store.
  7037 | D:4      | Bought a scroll of teleportation for 33 gold pieces
  7037 | D:4      | Bought a scroll of fog for 22 gold pieces
  7184 | D:7      | Reached * piety under Hepliaklqana
  7206 | D:7      | Reached XP level 9. HP: 46/63 MP: 10/10
  7375 | D:7      | Reached skill level 10 in Polearms
  7439 | D:7      | Found a burning altar of Makhleb.
  7448 | D:7      | Found a shadowy altar of Dithmenos.
  7488 | D:7      | Identified the +6 hand axe of Xuupir {vorpal, rElec rF-
                  | Dex-5 SInv}
  7493 | D:7      | Found a runed translucent door.
  7500 | D:7      | Found the +10 tower shield of Ignorance {rN+ Int-4}
  7506 | D:7      | Found a runed translucent door.
  7513 | D:7      | Noticed an orange crystal statue
  7540 | D:7      | Noticed an orange crystal statue
  7540 | D:7      | Noticed an orange crystal statue
  7540 | D:7      | Noticed an orange crystal statue
  7731 | D:7      | Was forgiven by Kikubaaqudgha
  7813 | D:8      | Reached ** piety under Hepliaklqana
  7814 | D:8      | Remembered your ancestor Aylmer as a knight
  7909 | D:8      | Noticed Pikel
  7924 | D:8      | Killed Pikel
  7985 | D:8      | Noticed a komodo dragon
  7990 | D:8      | Found Ykhliz's Assorted Antiques.
  7996 | D:8      | Reached skill level 11 in Polearms
  7999 | D:8      | Reached XP level 10. HP: 71/71 MP: 13/13
  8015 | D:8      | Bought a scroll labelled JOCRAN NOREEG for 29 gold pieces
  8015 | D:8      | Bought a scroll labelled YBICAZ MAXZAEB for 29 gold pieces
  8015 | D:8      | Bought a lumpy inky potion for 26 gold pieces
  8034 | D:8      | Reached skill level 5 in Invocations
  8129 | D:8      | Noticed a two-headed ogre
  8137 | D:8      | Killed a two-headed ogre
  8301 | D:8      | Identified a scroll of acquirement
  8301 | D:8      | Acquired a manual of Polearms
  8348 | D:9      | Found an iron altar of Okawaru.
  8447 | D:9      | Reached skill level 12 in Polearms
  8491 | D:9      | Noticed Psyche
  8507 | D:9      | Killed Psyche
  8771 | D:9      | Noticed Erica
  8781 | D:9      | Killed Erica
  8782 | D:9      | Reached skill level 13 in Polearms
  8856 | D:9      | Reached *** piety under Hepliaklqana
  8959 | D:9      | Noticed Joseph
  8963 | D:9      | Killed Joseph
  8964 | D:9      | Reached XP level 11. HP: 76/77 MP: 16/16
  9325 | D:10     | Entered Level 10 of the Dungeon
  9382 | D:10     | Reached skill level 14 in Polearms
  9448 | D:10     | Reached skill level 10 in Dodging
  9508 | D:10     | Noticed a purple ugly thing
  9519 | D:10     | Killed a purple ugly thing
  9539 | D:10     | Found a snail-covered altar of Cheibriados.
  9539 | D:10     | Found a glowing silver altar of Zin.
  9650 | D:10     | Found a glowing golden altar of the Shining One.
  9728 | D:10     | Reached skill level 15 in Polearms
  9795 | D:10     | Reached **** piety under Hepliaklqana
  9879 | D:10     | Found an ornate altar of the Wu Jian Council.
  9879 | D:10     | Found a blossoming altar of Fedhas.
  9887 | D:10     | Found a broken altar of Ashenzari.
  9889 | D:10     | Found a sparkling altar of Nemelex Xobeh.
  9891 | D:10     | Found a shimmering altar of Xom.
 10359 | D:11     | Found a staircase to the Lair.
 10451 | D:11     | Reached skill level 16 in Polearms
 10859 | D:12     | Reached XP level 12. HP: 66/85 MP: 18/18
 10893 | D:12     | Found a staircase to the Orcish Mines.
 10973 | D:12     | Noticed Maurice
 11000 | D:12     | Killed Maurice
 11271 | D:12     | Reached ***** piety under Hepliaklqana
 11292 | D:12     | Reached skill level 17 in Polearms
 11636 | D:12     | Noticed a two-headed ogre
 11645 | D:12     | Killed a two-headed ogre
 11646 | D:12     | Reached skill level 10 in Invocations
 11701 | D:12     | Reached skill level 10 in Stealth
 11702 | D:12     | Noticed a boulder beetle
 11719 | D:12     | Killed a boulder beetle
 11953 | D:13     | Noticed a boulder beetle
 11962 | D:13     | Reached skill level 18 in Polearms
 11974 | D:13     | Killed a boulder beetle
 12019 | D:13     | Identified the +1 falchion of Gugrithu {freeze, *Noise rF++
                  | Int+3}
 12221 | D:13     | Reached skill level 10 in Fighting
 12226 | D:13     | Reached XP level 13. HP: 36/92 MP: 16/21
 12363 | D:13     | Reached skill level 19 in Polearms
 12599 | D:13     | Found a gate to the Vaults.
 12718 | D:13     | Noticed Azrael
 12736 | D:13     | Killed Azrael
 13257 | D:14     | Found a portal to a secret trove of treasure.
 13367 | D:14     | Found a shadowy altar of Dithmenos.
 13973 | D:14     | Reached skill level 20 in Polearms
 14157 | D:15     | Entered Level 15 of the Dungeon
 14326 | D:15     | Noticed an ice dragon
 14375 | D:15     | Noticed Josephine
 14383 | D:15     | Killed Josephine
 14390 | D:15     | Reached XP level 14. HP: 99/99 MP: 20/23
 14558 | D:15     | Found the +4 skin of Zhor {*Englaciate rC+++ SInv}
 15060 | D:15     | Found a staircase to the Depths.
 15067 | D:15     | Gained mutation: You are occasionally teleported next to
                  | monsters. [a shining eye]
 15208 | D:15     | Lost mutation: You are occasionally teleported next to
                  | monsters. [potion of mutation]
 15208 | D:15     | Gained mutation: Your mind is acute. (Int +2) [potion of
                  | mutation]
 15208 | D:15     | Gained mutation: Your magical capacity is low. (-10% MP)
                  | [potion of mutation]
 15208 | D:15     | Gained mutation: You have a pair of small horns on your
                  | head. [potion of mutation]
 15208 | D:15     | Gained mutation: You are robust. (+10% HP) [potion of
                  | mutation]
 15629 | Depths:1 | Entered Level 1 of the Depths
 16253 | Lair:1   | Entered Level 1 of the Lair of Beasts
 16533 | Lair:1   | Noticed Nergalle
 16547 | Lair:1   | Killed Nergalle
 16548 | Lair:1   | Reached skill level 21 in Polearms
 16568 | Lair:1   | Reached ****** piety under Hepliaklqana
 17043 | Lair:1   | Found a hazy altar of Hepliaklqana.
 17427 | Lair:2   | Found a staircase to the Shoals.
 17871 | Lair:2   | Noticed Sonja
 17877 | Lair:2   | Killed Sonja
 18357 | Lair:3   | You fall into a shaft and drop 1 floor!
 18500 | Lair:4   | Annihilated by a yak

Illustrated notes

Levels and vault maps discovered:
D:1:      scummos_arrival_simple_fountains, layout_rooms, serial_forest,
          infiniplex_forest_straight_2, infiniplex_forest_lined_ring,
          infiniplex_forest_lined_2, infiniplex_forest_clump_tiny,
          infiniplex_forest_clump_tiny, infiniplex_forest_clump_tiny,
          infiniplex_forest_clump_large, infiniplex_forest_split,
          chequers_ecumenical_altar_lobes, hangedman_decor_push,
          dk_noncrumbling_3, minivault_11
D:2:      layout_rooms, minmay_pentomino_w4
D:3:      layout_basic, minivault_4
D:4:      layout_basic, hangedman_ru_absence, serial_shops, kennysheep_mini_moat
D:5:      layout_rooms, minmay_temple_entry_proselytizer,
          nicolae_ossuary_entry_ruins
D:6:      nicolae_BIG_FREAKIN_CUBE, layout_basic,
          mainiacjoe_overflow_six_doors_small, ebering_ghost_sewer_f,
          uniq_sigmund
D:7:      layout_cave_pools, mainiacjoe_overflow_swirl,
          chequers_guarded_unrand_ignorance
D:8:      layout_cave_pools, serial_shops, nicolae_shop_statue_plus,
          kennysheep_small_square, uniq_pikel
D:9:      layout_basic, mainiacjoe_overflow_paths, chequers_arboretum,
          uniq_erica, uniq_psyche, uniq_joseph
D:10:     minmay_razor_zed, layout_small_grid,
          chequers_temple_overflow_minitemple,
          chequers_temple_overflow_statue_of_worship
D:11:     layout_cave_pools, david_lair_shrubbed
D:12:     layout_irregular_city, orc_0_dummy, minmay_dual_archer_statues,
          uniq_maurice
D:13:     layout_stronghold, erik_vaults_1, uniq_azrael
D:14:     layout_gridville, nicolae_dithmenos_shadow_blocks,
          nicolae_trove_entry_isolated
D:15:     gammafunk_enter_depths_forms, layout_long_grid,
          hellmonk_guarded_unrand_zhor, uniq_josephine
Temple:   chequers_temple_sunken
Lair:1:   beast_lair_carwin_large_2, layout_chaotic_city, basic_altar,
          uniq_nergalle
Lair:2:   layout_regular_city, elwin_shoals_entry_stream, minivault_19,
          uniq_sonja
Lair:3:   layout_loops_ring, dummy_snake_entry, gammafunk_ghost_hive,
          chequers_serial_rivers_room_b, serial_bayou_ford_a,
          infiniplex_staircase_pool_2
Lair:4:   gammafunk_mikee_crab_dinner, layout_loops_ring, grunt_megastairs_3
Depths:1: layout_gridlike, special_room [special_room_jelly], hell_entry,
          minmay_misc_feat_rugged, minmay_serpent_palace, minmay_shoptagon

Skill      XL: |  1  2  3  4  5  6  7  8  9 10 11 12 13 14 |
---------------+-------------------------------------------+-----
Stealth        | 3 4 5 6 7 8 9 10 11 12 | 12.5
Fighting       | 4 5 6 7 8 9 10 11 | 11.7
Polearms       | 5 6 8 9 11 13 16 18 20 21 | 21.4
Dodging        | 5 6 7 8 9 10 11 12 13 | 13.9
Invocations    | 2 4 7 9 10 12 13 | 13.9

Action                   |  1- 3 |  4- 6 |  7- 9 | 10-12 | 13-15 || total
-------------------------+-------+-------+-------+-------+-------++-------
Melee: Spear             |   117 |    51 |       |       |       ||   168
       Punch             |     2 |       |       |       |       ||     2
       Halberd           |       |    33 |   366 |   495 |   595 ||  1489
       Headbutt          |       |       |       |       |    61 ||    61
Invok: Renounce Religion |     1 |       |       |       |       ||     1
       Ancestor Life: Kn |       |       |     1 |       |       ||     1
       Recall Ancestor   |       |       |       |     1 |     3 ||     4
       Idealise          |       |       |       |     1 |     1 ||     2
  Use: Scroll            |       |       |     4 |    20 |     5 ||    29
       Potion            |       |       |     3 |       |     5 ||     8
 Stab: Sleeping          |     7 |       |    14 |    14 |    27 ||    62
       Distracted        |     1 |       |       |     5 |     5 ||    11
Armor: Robe              |     1 |       |       |       |       ||     1
       Leather armour    |    18 |       |    37 |   100 |    70 ||   225
       Chain mail        |       |    30 |   112 |       |       ||   142
       Skin              |       |       |    17 |    10 |       ||    27
       Animal skin       |       |       |       |       |    29 ||    29
Dodge: Dodged            |    70 |    16 |   124 |   228 |   258 ||   696
Block: Other             |       |       |    50 |    80 |    82 ||   212
       Reflection        |       |       |     6 |     8 |     4 ||    18

Table legend: (Time is in decaauts)
 A = Elapsed time spent in this place.
 B = Non-inter-level travel time spent in this place.
 C = Inter-level travel time spent in this place.
 D = Time resting spent in this place.
 E = Time spent auto-exploring this place.
 F = Levels seen in this place.
 G = Mean time per level.
                   A        B        C        D        E       F      G
               +--------+--------+--------+--------+--------+-----+--------+
         Total |  17999 |  17279 |    720 |   2163 |  11953 |  22 |  818.1 |
       Dungeon |  14109 |  13480 |    629 |   1658 |   9347 |  15 |  940.6 |
        Temple |    359 |    325 |     34 |      0 |    297 |   1 |  359.0 |
          Lair |   2168 |   2112 |     56 |      1 |   1751 |   4 |  542.0 |
        Depths |     16 |     16 |      0 |      0 |      0 |   1 |   16.0 |
       Ossuary |   1346 |   1346 |      0 |    503 |    558 |   1 | 1346.0 |
               +--------+--------+--------+--------+--------+-----+--------+

Top non-repeatable levels by time:
    D:15: 1691 daAuts
    D:13: 1500 daAuts
     D:6: 1387 daAuts
 Ossuary: 1346 daAuts
     D:1: 1137 daAuts
    D:14: 1137 daAuts
  Lair:2: 1062 daAuts
     D:5: 1009 daAuts
     D:9: 1000 daAuts
  Lair:1: 966 daAuts
    D:12: 887 daAuts
    D:10: 881 daAuts
     D:2: 858 daAuts
    D:11: 612 daAuts
     D:7: 610 daAuts
